← All builds
Tech / Armada / Economy first / OBSERVED BUILD

Standard tech

Armada Tech (Eco) build order · Supreme Isthmus

Rushes T2 by 4:15, gets Advanced Metal Extractor around 5:28, hands off T2 constructors to Geo and the team, then scales eco and supplies the team's T2 needs through the rest of the game.

Usually first T2 con to Geo (83%)

#eco #t2 #team support · 1591 distinct matches · 254 players · 60% of Armada Tech games · team won 53% of 1901 · Recently observed

HOW TO PLAY IT

Key timing: T2 factory by 4:15

  1. Open 3 mex and heavy wind to fund a fast T2 rush.
  2. Put down Bot Lab, planning to eat it for reclaim soon after.
  3. Get Advanced Bot Lab up, hitting the T2 factory rush timing.
  4. Upgrade mex to Advanced Metal Extractor to lock in team metal income.
  5. Eat Advanced Bot Lab and keep sending cons to Geo and Pond.

Phase by phase

TYPICAL OF ITS 1591 GAMES
  1. 1
  2. 2
  3. 3
  4. 4
PLAY THE OPENING

Follow the example game's first 6:00 step by step: what to build now, what comes next, and where it goes. At 1× it keeps pace with your own game.

  1. 1

    Up to the Bot Lab

    Economy
    • Metal Extractor3Mex
    • Wind Turbine4Wind
    Order
    1. Bot LabBot Lab after 3 mex, 4 winddone ~1:18, middle half 1:13–1:32

    Some games also: energy storage (31%)

    By 1:01 in all: 3 mex · 4 wind

    The example game in this phase · 5 steps
    1. Mex ×3
    2. Wind ×2
    3. Windfor Beach sea
    4. Wind
    5. Bot LabBot Labdone 1:13 · typical 1:18
  2. 2

    Bot Lab to Advanced Bot Lab

    Economy
    • Metal Extractor1Mex
    • Wind Turbine8Wind
    • Energy Storage1Energy storage
    Order
    1. Advanced Bot LabAdvanced Bot Lab after 4 mex, 12 wind, 3 con turretdone ~4:16, middle half 4:04–4:30
    Builders
    • Construction Turret3 Con turret
    • Lazarus3 Lazarus
    • Construction Bot2 Con bot
    • Construction Bot1 Con bot for allies

    Some games also: converter (36%)

    By 3:18 in all: 4 mex · 12 wind · 1 energy storage · 3 con turret

    The example game in this phase · 22 steps
    1. LazarusLazarus ×4
    2. Construction BotCon bot
    3. Construction BotCon botfor Air
    4. Construction BotCon bot ×2
    5. Con turret
    6. Mex
    7. Con turret
    8. Converter
    9. Con turret
    10. Wind
    11. Converter
    12. Windfor Beach sea
    13. Converter
    14. Wind ×3
    15. Bot LabEat Bot Labreclaimed for its metal
    16. Energy storage
    17. Wind ×2
    18. Converter
    19. Wind ×2
    20. Converter ×2
    21. Wind
    22. Advanced Bot LabAdvanced Bot Labdone 4:46 · typical 4:16
  3. 3

    Advanced Bot Lab to 5:00

    Economy
    • Wind Turbine3Wind
    Order
    1. Bot LabEat Bot Lab
    Builders
    • Advanced Construction Bot1 T2 con bot for allies

    Some games also: converter (35%)

    By 5:00 in all: 4 mex · 15 wind · 1 converter · 1 energy storage · 3 con turret

    The example game in this phase · 4 steps
    1. Wind ×7
    2. GunslingerGunslingerfor Ponddone 5:08
    3. Converter
    4. Wind ×2
  4. 4

    5:00 to 10:00

    Economy
    • Wind Turbine43Wind
    • Energy Converter6Converter
    Builders
    • Butler9 Butler
    • Advanced Construction Bot4 T2 con bot for allies
    • Advanced Construction Bot1 T2 con bot

    Some games also: con turret (43%) · Butler for allies (37%)

    By 10:00 in all: 4 mex · 58 wind · 8 converter · 1 energy storage · 3 con turret

    The example game in this phase · 116 steps
    1. Advanced Construction BotT2 con botfor Air
    2. Wind ×2
    3. Advanced Construction BotT2 con botfor Pond
    4. Wind ×2
    5. Windfor Beach sea
    6. Wind
    7. Advanced Metal ExtractorT2 mexdone 6:46 · typical 5:28
    8. Windfor Beach sea
    9. Wind
    10. Windfor Beach sea
    11. Advanced Construction BotT2 con botfor Geo sea
    12. Wind
    13. Windfor Beach sea
    14. Wind
    15. Advanced Construction BotT2 con botfor Beach sea
    16. Advanced Metal ExtractorT2 mex
    17. Wind ×2
    18. Advanced Metal ExtractorT2 mex
    19. Wind ×7
    20. Advanced Construction BotT2 con botfor Suicide front
    21. ButlerButlerfor Geo sea
    22. Wind
    23. ButlerButlerfor Geo sea
    24. Advanced Metal ExtractorT2 mex
    25. Advanced Construction BotT2 con bot
    26. Con turret
    27. Fusion ReactorFusiondone 11:59
    28. ButlerButler
    29. Con turret
    30. ButlerButler
    31. Con turret
    32. Wind
    33. Con turret
    34. ButlerButler
    35. Wind ×2
    36. ButlerButler
    37. Wind ×5
    38. ButlerButler
    39. Wind
    40. ButlerButler
    41. Wind ×3
    42. ButlerButler
    43. Wind ×3
    44. ButlerButler
    45. Wind ×4
    46. Advanced Bot LabEat Advanced Bot Labreclaimed for its metal
    47. Wind ×3
    48. Con turret
    49. Wind
    50. Fusion ReactorFusion
    51. Con turret
    52. Wind ×4
    53. Con turret
    54. Wind ×2
    55. Con turret
    56. Wind
    57. Con turret
    58. Wind ×6
    59. Converter
    60. Wind ×3
    61. Converter ×2
    62. Wind
    63. T2 converter
    64. Wind
    65. Converter
    66. Wind
    67. Converter
    68. Con turret
    69. Wind ×2
    70. Converter ×2
    71. Wind ×5
    72. Converter
    73. T2 converter
    74. Converter
    75. Con turret
    76. Wind ×2
    77. Converter
    78. Wind ×2
    79. Converter
    80. ArbalestArbalest
    81. Wind ×2
    82. ChainsawChainsaw
    83. Converter ×4
    84. NettleNettle
    85. Converter ×4
    86. T2 converter
    87. Wind ×2
    88. T2 converter
    89. Wind
    90. Converter ×2
    91. Wind ×3
    92. Con turret
    93. Wind
    94. Converter ×2
    95. Wind ×4
    96. Converter ×2
    97. Wind ×2
    98. Energy storage
    99. Wind
    100. Converter ×2
    101. Con turret
    102. Wind ×3
    103. Con turret
    104. T2 converter
    105. Wind
    106. Con turret
    107. Converter
    108. Wind
    109. Con turret
    110. Converter
    111. Con turret
    112. Wind ×2
    113. Converter
    114. Wind
    115. Converter
    116. Wind

Counts are medians over the build's games: half of them build more, half fewer. The example game is Reasonable1337's (33 OS, 21/09/2026); pick another.

Team trades

IN AT LEAST 30% OF ITS GAMES

You hand over

  • Construction Bot1 Con bot to Airfirst at 2:23 · in 84% of games
  • Advanced Construction Bot5 T2 con bot to Air or Pond or Geo seafirst at 4:50 · in 99% of games
  • Butler2 Butler to Geo sea or Beach sea or Pondfirst at 9:06 · in 42% of games

You get

  • Hercules1 Light transport from Airfirst at 4:01 · in 86% of games

How it plays out

Typical game of this build, running totals by minute

Metal produced

020k40k
0:005:0010:0015:00

metal

Enemy metal destroyed

050100150
0:005:0010:0015:00

metal

Own metal lost

050100150
0:005:0010:0015:00

metal

1901 games.

Show as table
ByMetal produced: This buildEnemy metal destroyed: This buildOwn metal lost: This build
1:0038300
2:0091500
3:00165200
4:00314400
5:00484800
6:00580200
7:00723000
8:00906500
9:001117900
10:001352400
11:001624200
12:001965200
13:002342800
14:0027285074
15:0031507115130
WHAT THE NUMBERS SAY

Standard Tech play barely fights at all early, instead pouring metal into T2 infrastructure and constructors for the team.

  • + Metal produced hits 31679 by 15:00, by far the highest of any role here.
  • + T2 factory reached in 97% of games by 4:15, fastest and most reliable T2 timing.
  • − Enemy metal destroyed stays at 0 through 10:00, no early offense at all.
  • − Own metal lost also near 0, showing total avoidance of combat risk.
THE EXAMPLE YOU ARE READING

Reasonable1337

33.2 OS · 21/09/2026

Open source match ↗

3 received units · includes a constructor
1612 metal received · 173099 energy received

Allied construction assistance is unknown. Timings are observations, not a promise of solo reproducibility.

Typical milestones

Bot Lab1:18Middle 50%: 1:13–1:32 · n=1901
Advanced Bot Lab4:16Middle 50%: 4:04–4:30 · n=1894
Advanced Metal Extractor5:28Middle 50%: 5:05–5:59 · n=1897

Played most by

Amrissa97games of this buildTheGeneraI70games of this buildAdeus57games of this buildEl_Turco55games of this buildKOT_45games of this build